 Dungeon Crawl Stone Soup version 0.29-a0-668-g12ee2bf84d (webtiles) character file.

Game seed: 9526649556823626739

5 cupcakec2325 the Magician (level 1, 0/13 HPs)
             Began as a Palentonga Hedge Wizard on June 23, 2022.
             Slain by an endoplasm (1 damage)
             ... on level 1 of the Dungeon.
             The game lasted 00:05:02 (365 turns).

cupcakec2325 the Magician (Palentonga Hedge Wizard)  Turns: 365, Time: 00:05:02

Health: 0/13       AC:  4    Str: 13    XL:     1   Next: 66%
Magic:  4/4        EV:  9    Int: 14    God:
Gold:   17         SH:  0    Dex:  9    Spells: 5/6 levels left

rFire   . . .      SeeInvis +   a - +0 dagger
rCold   . . .      Faith    .   (no shield)
rNeg    . . .      Spirit   .   b - +0 robe
rPois   .          Reflect  .   c - +0 hat
rElec   .          Harm     .   (no cloak)
rCorr   .          Rampage  .   (no gloves)
Will    .....                   (no barding)
Stlth   +.........              (no amulet)
HPRegen 0.04/turn               (no ring)
MPRegen 0.09/turn               (no ring)

@: no status effects
A: large, rugged brown scales 3, see invisible, deformed body, roll 1, armoured
tail
a: Rolling Charge


You were on level 1 of the Dungeon.
You visited 1 branch of the dungeon, and saw 1 of its levels.

You collected 17 gold pieces.

Inventory:

Hand Weapons
 a - a +0 dagger (weapon)
 g - a +0 hand axe
 h - a +0 hand axe
Armour
 b - a +0 robe (worn)
 c - a +0 hat (worn)
Potions
 d - a potion of magic
 e - a potion of ambrosia {unknown}
 f - a potion of haste {unknown}


   Skills:
 + Level 1.6 Dodging
 + Level 1.2 Stealth
 + Level 3.2 Spellcasting
 + Level 0.8 Conjurations
 + Level 0.7 Summonings
 + Level 1.0 Translocations


You had 5 spell levels left.
You knew the following spells:

 Your Spells              Type           Power      Damage    Failure   Level
a - Magic Dart            Conj           16%        1d3       14%         1

Your spell library contained the following spells:

 Spells                   Type           Power      Damage    Failure   Level
 Slow                     Hex            8%         N/A       22%         1
 Blink                    Tloc           10%        N/A       22%         2
 Call Imp                 Summ           4%         N/A       24%         2
 Conjure Flame            Conj/Fire      3%         6-21      45%         3
 Mephitic Cloud           Conj/Pois/Air  3%         N/A       50%         3


Dungeon Overview and Level Annotations

Branches:
Dungeon (1/15)

Altars:


Innate Abilities, Weirdness & Mutations

You are completely covered in rugged brown scales. (AC +3, +7% HP)
You have supernaturally acute eyesight. (SInv)
Armour fits poorly on your strangely shaped body.
You can roll at nearby foes to attack.
You have a long armoured tail.


Message History

The bat is moderately wounded.
The bat barely misses you. The bat hits you but does no damage.
The bat closely misses you. x2
The bat hits you. The bat hits you but does no damage.
You closely miss the bat.
The bat is moderately wounded.
The bat closely misses you. The bat hits you.
You hit the bat.
You kill the bat!
You see here a bat corpse.
You see here a +0 hand axe.
h - a +0 hand axe You open the door.
There is an open door here.
An endoplasm comes into view.
The endoplasm moves out of view.
Found a scroll labelled ORIRPH VIAPEMOO.
The endoplasm freezes you.
You are frozen.
* * * LOW HITPOINT WARNING * * *
The endoplasm attacks as you move away! The endoplasm closely misses you.
A bat comes into view.
The endoplasm hits you but does no damage.
The bat moves out of view.
Found 8 gold pieces.
The bat closely misses you. The endoplasm attacks as you move away!
The endoplasm closely misses you. The bat hits you.
* * * LOW HITPOINT WARNING * * *
The bat hits you but does no damage. The bat hits you but does no damage.
You closely miss the bat. The bat closely misses you.
The bat barely misses you.
The endoplasm hits you but does no damage.
The bat closely misses you. The endoplasm barely misses you.
The bat hits you but does no damage. The endoplasm attacks as you move away!
The endoplasm hits you but does no damage.
The bat hits you but does no damage. The endoplasm attacks as you move away!
The endoplasm hits you.
You die...

..........
..........
#.......# .
#......# #.####
#.....# .#....#
#.....#
#......##.#....#
.........#.#..#
.......@J.##..#
....$.......#.#
..............#
..#...?.....#.#
. #######+###.#
#..##.# #.##.#
#.##.# ####
#.##'####....


You could see an endoplasm.

Vanquished Creatures
  A giant cockroach (D:1)
  A hobgoblin (D:1)
  A bat (D:1)
  A frilled lizard (D:1)
  A kobold (D:1)
  A rat (D:1)
6 creatures vanquished.

Vanquished Creatures (others)
  2 plants (D:1)
2 creatures vanquished.

Grand Total: 8 creatures vanquished

Notes
Turn   | Place    | Note
-------+----------+-------------------------------------------
     0 | D:1      | cupcakec2325 the Palentonga Hedge Wizard began the quest
                  | for the Orb.
     0 | D:1      | Reached XP level 1. HP: 13/13 MP: 4/4
   365 | D:1      | Slain by an endoplasm

Illustrated notes

Levels and vault maps discovered:
D:1:      kilobyte_arrival_exit_the_forest, layout_basic,
          minmay_misc_feat_secret_circle

Action                   || total
-------------------------++-------
Melee: Dagger            ||    41
       Tailslap          ||     6
Armor: Robe              ||    28
Dodge: Dodged            ||    23

Table legend: (Time is in decaauts)
 A = Elapsed time spent in this place.
 B = Non-inter-level travel time spent in this place.
 C = Inter-level travel time spent in this place.
 D = Time resting spent in this place.
 E = Time spent auto-exploring this place.
 F = Levels seen in this place.
 G = Mean time per level.
                   A        B        C        D        E       F      G
               +--------+--------+--------+--------+--------+-----+--------+
         Total |    371 |    126 |    245 |      0 |      0 |   1 |  371.0 |
       Dungeon |    371 |    126 |    245 |      0 |      0 |   1 |  371.0 |
               +--------+--------+--------+--------+--------+-----+--------+

Top non-repeatable levels by time:
     D:1: 371 daAuts
